 Dungeon Crawl Stone Soup version 0.26-a0-639-g72c4674329 (webtiles) character file.

Game seed: 2878810362623591059

14223 Flugslaktarn the Cleaver (level 11, -4/108 HPs)
             Began as a Deep Dwarf Fighter on Sept 29, 2020.
             Was a High Priest of Makhleb.
             Slain by Snorg (13 damage)
             ... on level 10 of the Dungeon.
             The game lasted 00:05:33 (6642 turns).

Flugslaktarn the Cleaver (Deep Dwarf Fighter)       Turns: 6642, Time: 00:05:34

Health: -4/108     AC: 15    Str: 23    XL:     11   Next: 85%
Magic:  10/10      EV:  5    Int:  9    God:    Makhleb [*****.]
Gold:   452        SH: 11    Dex: 12    Spells: 10/10 levels left

rFire    + . .     SeeInvis .   w - +1 broad axe
rCold    . . .     Faith    .   c - +0 kite shield
rNeg     . . .     Spirit   .   o - +0 plate armour
rPois    .         Reflect  .   s - +0 helmet
rElec    .         Harm     .   (no cloak)
rCorr    .         Rampage  .   (no gloves)
MR       ++...                  (no boots)
Stlth    ..........             (no amulet)
HPRegen  0.00/turn              f - ring of protection from fire
MPRegen  0.12/turn              m - ring of protection from magic

@: non-regenerating
A: damage resistance, heal wounds, sense surroundings 2, no regeneration
a: Heal Wounds, Minor Destruction, Lesser Servant of Makhleb, Major Destruction,
Greater Servant of Makhleb, Renounce Religion


You were on level 10 of the Dungeon.
You worshipped Makhleb.
Makhleb was extremely pleased with you.
You visited 2 branches of the dungeon, and saw 11 of its levels.

You collected 452 gold pieces.

Inventory:

Hand Weapons
 w - a +1 broad axe (weapon)
   (You took it off an orc warrior on level 6 of the Dungeon)
Armour
 c - a +0 kite shield (worn)
 o - a +0 plate armour (worn)
   (You found it on level 3 of the Dungeon)
 s - a +0 helmet (worn)
   (You took it off Robin on level 3 of the Dungeon)
Jewellery
 f - a ring of protection from fire (left hand)
   (You found it on level 3 of the Dungeon)
 m - a ring of protection from magic (right hand)
   (You found it on level 3 of the Dungeon)
 v - an uncursed amulet of faith {unknown}
   (You found it on level 7 of the Dungeon)
Wands
 q - a wand of acid (12)
   (You took it off a goblin on level 3 of the Dungeon)
 A - a wand of digging (2)
   (You found it on level 9 of the Dungeon)
Scrolls
 a - a scroll of fog
 h - 3 scrolls of enchant weapon
 j - 6 scrolls of immolation
 l - a scroll of vulnerability {unknown}
 n - a scroll of fear
 r - 4 scrolls of identify
 t - 2 scrolls of teleportation
 x - 4 scrolls of remove curse
 y - a scroll of magic mapping {unknown}
 z - a scroll of blinking
Potions
 b - 3 potions of flight {unknown}
 d - a potion of might
 e - 3 potions of curing
 g - 11 potions of ambrosia
 i - 2 potions of lignification
 k - a potion of haste {unknown}
 p - a potion of cancellation
 u - 3 potions of heal wounds


   Skills:
 * Level 10.0 Fighting
 * Level 11.5 Axes
 + Level 8.8 Armour
 + Level 8.8 Shields
 + Level 8.9 Invocations


You had 10 spell levels left.
You didn't know any spells.
Your spell library was empty.

Dungeon Overview and Level Annotations

Branches:
Dungeon (10/15)            Temple (1/1) D:5            Lair (0/6) D:8
    Orc (0/2) D:10

Altars:
Ashenzari
Cheibriados
Dithmenos
Fedhas
Hepliaklqana
Makhleb
Nemelex Xobeh
Ru
Sif Muna
Trog
Vehumet
Xom
Yredelemnul
Zin

Annotations:
D:5 3 runed translucent doors, PanSaczeczos's ghost, weakling MfDe
D:10 Snorg


Innate Abilities, Weirdness & Mutations

You are resistant to damage.
You can heal yourself by infusing magical energy.
You passively map the area around you.
You do not regenerate.


Message History

You kill the orc!
Makhleb accepts your kill.
You feel better. Snorg bites you. Snorg claws you! Snorg claws you.
Snorg bites you!!
* * * LOW HITPOINT WARNING * * *
You block Snorg's attack. Snorg claws you but does no damage.
Evoke which item? (* to show all) (? for menu, Esc to quit)
Aiming: Corrosive Bolt
Press: ? - help, Shift-Dir - straight line, f/p - Snorg
Aim: Snorg (lightly wounded, berserk, covered in acid)
The bolt of acid hits Snorg!
Snorg is splashed with acid.
Snorg is moderately wounded.
The bolt of acid hits the ice beast!
The ice beast is splashed with acid.
The ice beast is heavily wounded.
Snorg bites you!
* * * LOW HITPOINT WARNING * * *
Snorg claws you!
* * * LOW HITPOINT WARNING * * *
Snorg claws you!
You die...

.(................##
, , ##c.
#..############....#
, , #.Y#..#
#(..............#..#
, #..#..#
#(####.########.#..#
#..#..# #......#
#...## ###*..##..
#.####.# #...#, *
...$#cZ#.. #.# #.#
##..# ...W.oY#.. #.#
#.# #.## ,,
###YYz##. #.# #.#
#@# ###...# #.#. ..#
#.# #T###...§...
##.. #.# #.#
#Y..Y†..##........
#.# #.#
##.#.#####..##..##
#.# #.# #...#* *
....,. ### #.# ###..
, ,.####*# ### ####
* #


You could see Snorg (berserk, corroded) and an ice beast.

Vanquished Creatures
  Erolcha (D:9)
  2 unseen horrors (D:10)
  Pikel (D:6)
  Joseph (D:7)
  A queen bee (D:9)
  A troll (D:9)
  Prince Ribbit (D:7)
  2 hippogriffs (D:10)
  A basilisk (shapeshifter) (D:10)
  Eustachio (D:4)
  Grum (D:9)
  19 yaks
  Menkaure (D:4)
  3 wargs (D:8)
  Duvessa (D:5)
  A sky beast (D:9)
  4 orc warriors
  3 phantoms
  12 necrophages
  6 centaurs
  2 wolves (D:9)
  4 ogres
  A lemure (D:6)
  9 bullfrogs
  A big kobold (D:9)
  Dowan (D:5)
  A wyvern zombie (D:6)
  A water moccasin zombie (D:9)
  A scorpion (D:10)
  34 killer bees
  8 wights
  4 jellies
  A quasit (D:9)
  A bullfrog skeleton (D:10)
  3 hounds
  10 orc priests
  A centaur skeleton (D:9)
  10 orc wizards
  3 iguanas
  Natasha (D:3)
  9 worker ants
  A hound zombie (D:6)
  A hound skeleton (D:6)
  5 mummies (D:9)
  5 worker ant zombies
  Robin (D:3)
  2 howler monkey skeletons
  7 gnolls
  8 adders
  2 shadow imps
  A white imp (D:10)
  3 ufetubi
  An ooze (D:1)
  3 adder skeletons
  A worm (D:4)
  3 dart slugs
  3 leopard geckos
  41 orcs
  A ball python (D:5)
  4 bats
  3 giant cockroaches
  15 goblins
  10 hobgoblins
  21 jackals
  6 quokkas
  A frilled lizard (D:3)
  A jackal skeleton (D:5)
  11 kobolds
  A quokka skeleton (D:6)
  7 rats
  4 bushes (D:6)
342 creatures vanquished.

Vanquished Creatures (others)
  A bush (D:6)
  13 plants
14 creatures vanquished.

Grand Total: 356 creatures vanquished

Notes
Turn   | Place    | Note
-------+----------+-------------------------------------------
     0 | D:1      | Flugslaktarn the Deep Dwarf Fighter began the quest for the
                  | Orb.
     0 | D:1      | Reached XP level 1. HP: 20/20 MP: 1/1
   182 | D:1      | Reached XP level 2. HP: 27/27 MP: 2/2
   282 | D:1      | Reached XP level 3. HP: 31/34 MP: 3/3
   316 | D:2      | Reached skill level 3 in Axes
   894 | D:3      | Noticed Natasha
   920 | D:3      | Killed Natasha
   920 | D:3      | Reached XP level 4. HP: 20/42 MP: 4/4
  1032 | D:3      | Noticed Robin
  1046 | D:3      | Killed Robin
  1093 | D:4      | Reached XP level 5. HP: 36/50 MP: 5/5
  1131 | D:4      | Noticed a necrophage
  1151 | D:4      | Killed a necrophage
  1151 | D:4      | Reached skill level 4 in Axes
  1165 | D:4      | Noticed Menkaure
  1181 | D:4      | Killed Menkaure
  1181 | D:4      | Reached XP level 6. HP: 20/57 MP: 6/6
  1330 | D:4      | Found a burning altar of Makhleb.
  1359 | D:4      | Noticed Eustachio
  1361 | D:4      | Reached skill level 5 in Axes
  1415 | D:4      | Killed Eustachio
  1415 | D:4      | Reached XP level 7. HP: 45/66 MP: 6/6
  1431 | D:4      | Became a worshipper of Makhleb the Destroyer
  1528 | D:4      | Reached skill level 5 in Fighting
  1587 | D:4      | Reached skill level 5 in Armour
  1587 | D:4      | Reached skill level 5 in Shields
  1587 | D:4      | Reached skill level 1 in Invocations
  1839 | D:5      | Entered Level 5 of the Dungeon
  1872 | D:5      | Reached skill level 6 in Axes
  2060 | D:5      | Reached XP level 8. HP: 51/75 MP: 8/8
  2275 | D:5      | You fall into a shaft and drop 2 floors!
  2295 | D:7      | Reached * piety under Makhleb
  2383 | D:6      | Reached skill level 7 in Axes
  2412 | D:6      | Found a blossoming altar of Fedhas.
  2573 | D:6      | Gained mutation: You passively map the area around you.
                  | [Deep Dwarf growth]
  2573 | D:6      | Reached XP level 9. HP: 37/85 MP: 7/7
  2701 | D:5      | Noticed Duvessa
  2701 | D:5      | Noticed Dowan
  2713 | D:5      | Killed Duvessa
  2715 | D:5      | Killed Dowan
  2718 | D:5      | Reached ** piety under Makhleb
  2824 | D:5      | Found a staircase to the Ecumenical Temple.
  2889 | Temple   | Entered the Ecumenical Temple
  2993 | D:5      | Found a runed translucent gate.
  2994 | D:5      | Found a runed translucent gate.
  2997 | D:5      | Found a runed translucent gate.
  2998 | D:5      | Noticed PanSaczeczos's ghost (weakling MfDe)
  3274 | D:6      | Found a radiant altar of Vehumet.
  3362 | D:6      | Noticed Pikel
  3387 | D:6      | Killed Pikel
  3387 | D:6      | Reached skill level 8 in Axes
  3387 | D:6      | Reached skill level 5 in Invocations
  3704 | D:7      | Noticed Prince Ribbit
  3729 | D:7      | Killed Prince Ribbit
  3933 | D:7      | Noticed Joseph
  3958 | D:7      | Killed Joseph
  3958 | D:7      | Reached skill level 9 in Axes
  3958 | D:7      | Reached XP level 10. HP: 61/96 MP: 7/7
  4451 | D:8      | Found a staircase to the Lair.
  4485 | D:8      | Reached *** piety under Makhleb
  4582 | D:8      | Found a snail-covered altar of Cheibriados.
  4982 | D:9      | Found a shattered altar of Ashenzari.
  5094 | D:9      | Noticed Erolcha
  5103 | D:9      | Killed Erolcha
  5103 | D:9      | Reached skill level 10 in Axes
  5142 | D:9      | Reached **** piety under Makhleb
  5247 | D:9      | Reached XP level 11. HP: 104/106 MP: 9/9
  5475 | D:9      | Reached ***** piety under Makhleb
  5637 | D:9      | Noticed Grum
  5664 | D:9      | Killed Grum
  5861 | D:10     | Entered Level 10 of the Dungeon
  5888 | D:10     | Killed an unseen horror
  5910 | D:10     | Killed an unseen horror
  5910 | D:10     | Reached skill level 11 in Axes
  6147 | D:10     | Found a staircase to the Orcish Mines.
  6391 | D:10     | Reached skill level 10 in Fighting
  6415 | D:10     | Noticed a six-headed hydra
  6628 | D:10     | Noticed Snorg
  6635 | D:10     | HP: 1/108 [Snorg (6)]
  6642 | D:10     | Slain by Snorg

Illustrated notes

Levels and vault maps discovered:
D:1:      dpeg_arrival_signposts, layout_loops_ring, xom_teletrap_fun
D:2:      layout_basic, grunt_gozag_breadcrumbs, serial_glass, glass_columns_c,
          glass_columns_c, chequers_big_river, minmay_tripent
D:3:      kennysheep_goblin_castle, layout_basic, uniq_natasha
D:4:      layout_loops_cross, bloody_makhleb, uniq_menkaure, uniq_eustachio
D:5:      layout_loops_corners, minmay_temple_entry_fiery,
          gammafunk_ghost_necromancy, lemuel_old_faithful, uniq_duvessa
D:6:      layout_rooms, basic_altar, fedhas_altar_decomposition, uniq_pikel
D:7:      layout_cave_pods, uniq_joseph, uniq_prince_ribbit1
D:8:      layout_rooms, erik_lair_orcish_takeover, cheibriados_altar_1
D:9:      layout_roguey [special_room_bee], serial_undead, serial_undead_f,
          serial_undead_d, serial_undead_f, serial_undead_a, serial_undead_c,
          nrook_campfire, cheibrodos_ashenzari_chains, uniq_erolcha, uniq_grum
D:10:     layout_basic, orc_0_dummy, minmay_pinched_square, uniq_snorg
Temple:   nicolae_temple_the_god_donut

Skill      XL: |  1  2  3  4  5  6  7  8  9 10 11 |
---------------+----------------------------------+-----
Fighting       | 3 4 5 6 7 9 10 | 10.0
Axes           | 3 4 5 6 7 9 10 11 | 11.5
Armour         | 4 5 6 7 8 |  8.8
Shields        | 4 5 6 7 8 |  8.8
Invocations    | 2 4 5 7 8 |  8.9

Action                   |  1- 3 |  4- 6 |  7- 9 | 10-12 || total
-------------------------+-------+-------+-------+-------++-------
Melee: War axe           |   132 |   151 |   204 |       ||   487
       Broad axe         |       |       |   209 |   597 ||   806
 Abil: Heal Wounds       |     1 |     4 |    22 |    13 ||    40
Evoke: Wand              |       |       |     1 |     2 ||     3
  Use: Potion            |       |       |     5 |       ||     5
       Scroll            |       |       |    10 |     1 ||    11
Armor: Scale mail        |    45 |       |       |       ||    45
       Plate armour      |       |   137 |   260 |   429 ||   826
       Skin              |       |       |    78 |       ||    78
Dodge: Dodged            |    51 |    47 |   105 |   134 ||   337
Block: Kite shield       |    67 |   109 |   323 |   443 ||   942

Table legend: (Time is in decaauts)
 A = Elapsed time spent in this place.
 B = Non-inter-level travel time spent in this place.
 C = Inter-level travel time spent in this place.
 D = Time resting spent in this place.
 E = Time spent auto-exploring this place.
 F = Levels seen in this place.
 G = Mean time per level.
                   A        B        C        D        E       F      G
               +--------+--------+--------+--------+--------+-----+--------+
         Total |   6932 |   6599 |    333 |     70 |   4109 |  11 |  630.2 |
       Dungeon |   6898 |   6577 |    321 |     70 |   4093 |  10 |  689.8 |
        Temple |     33 |     22 |     11 |      0 |     16 |   1 |   33.0 |
               +--------+--------+--------+--------+--------+-----+--------+

Top non-repeatable levels by time:
     D:5: 1004 daAuts
     D:7: 946 daAuts
     D:9: 940 daAuts
     D:4: 811 daAuts
    D:10: 772 daAuts
     D:3: 670 daAuts
     D:6: 667 daAuts
     D:8: 602 daAuts
     D:1: 308 daAuts
     D:2: 173 daAuts
  Temple: 33 daAuts
